[Event "WYCC U18 Girls 2019"]
[Site "Mumbai"]
[Date "2019.10.03"]
[Round "3.13"]
[White "Zeliantsova, Kseniya"]
[Black "Yan, Tianqi"]
[Result "0-1"]
[ECO "B47"]
[WhiteElo "1994"]
[BlackElo "2236"]
[Annotator "NA"]
[PlyCount "66"]
[EventDate "2019.10.02"]
[EventType "swiss"]
[EventCountry "IND"]
[SourceTitle "playchess.com"]
[Source "ChessBase"]
[SourceQuality "1"]
[TimeControl "40/5400+30:1800+30"]

1. e4 c5 2. Nf3 e6 3. d4 cxd4 4. Nxd4 Nc6 5. Nc3 Qc7 6. Be2 a6 7. O-O Nf6 8. Be3 Bb4 9. Na4 Rb8 10. Nxc6 bxc6 11. Bd3 d5 12. exd5 cxd5 13. Bd4 Bd6 14. Bxf6 Bxh2+ 15. Kh1 gxf6 16. Qh5 Be5 17. Rfe1 Rb4 18. Nc3 Rg8 19. a3 Rbg4 20. Bf1 Bxc3 21. bxc3 Qf4 22. g3 Qxf2 23. Qh2 Qxg3 24. Qxg3 Rxg3 25. c4 dxc4 26. Kh2 R3g5 27. Re3 e5 28. Rb1 Rh5+ 29. Bh3 Bxh3 30. Rxh3 Rxh3+ 31. Kxh3 Ke7 32. Rb4 e4 33. Rxc4 f5 0-1

[Event "WYCC U18 Girls 2019"]
[Site "Mumbai"]
[Date "2019.10.03"]
[Round "3.14"]
[White "Pandey Srishti"]
[Black "Tanishka Kotia"]
[Result "1/2-1/2"]
[ECO "E16"]
[WhiteElo "1963"]
[BlackElo "2090"]
[Annotator "NA"]
[PlyCount "59"]
[EventDate "2019.10.02"]
[EventType "swiss"]
[EventCountry "IND"]
[SourceTitle "playchess.com"]
[Source "ChessBase"]
[SourceQuality "1"]
[TimeControl "40/5400+30:1800+30"]

1. d4 Nf6 2. Nf3 e6 3. g3 b6 4. Bg2 Bb7 5. c4 Bb4+ 6. Bd2 Bxd2+ 7. Qxd2 O-O 8. O-O Ne4 9. Qc2 f5 10. Nfd2 d5 11. Nc3 c6 12. Nf3 Nd7 13. Rad1 Qf6 14. b3 Rac8 15. Qb2 Nxc3 16. Qxc3 Qh6 17. Ne5 Nxe5 18. dxe5 f4 19. Rd3 Rf5 20. h4 Rcf8 21. e4 R5f7 22. exd5 cxd5 23. cxd5 fxg3 24. fxg3 Rxf1+ 25. Bxf1 Bxd5 26. Bg2 Bxg2 27. Kxg2 Qh5 28. Rf3 Rxf3 29. Qxf3 Qxf3+ 30. Kxf3 1/2-1/2

[Event "WYCC U18 Girls 2019"]
[Site "Mumbai"]
[Date "2019.10.04"]
[Round "4.1"]
[White "Kucharska, Honorata"]
[Black "Shuvalova, Polina"]
[Result "1/2-1/2"]
[ECO "A05"]
[WhiteElo "2114"]
[BlackElo "2412"]
[Annotator "NA"]
[PlyCount "43"]
[EventDate "2019.10.02"]
[EventType "swiss"]
[EventCountry "IND"]
[SourceTitle "playchess.com"]
[Source "ChessBase"]
[SourceQuality "1"]
[TimeControl "40/5400+30:1800+30"]

1. Nf3 Nf6 2. g3 d5 3. Bg2 g6 4. O-O Bg7 5. d3 O-O 6. Nbd2 c5 7. e4 Nc6 8. Re1 h6 9. c3 e5 10. Qe2 Re8 11. a3 d4 12. c4 a6 13. Rf1 Bd7 14. Ne1 Qc8 15. Nb3 b6 16. f4 Rb8 17. Nf3 Ng4 18. h3 Ne3 19. Bxe3 dxe3 20. Qxe3 exf4 21. Qxf4 Be6 22. Kh2 1/2-1/2

[Event "WYCC U18 Girls 2019"]
[Site "Mumbai"]
[Date "2019.10.04"]
[Round "4.2"]
[White "Munkhzul, Turmunkh"]
[Black "Shpanko, Nadiia"]
[Result "1/2-1/2"]
[ECO "B13"]
[WhiteElo "2332"]
[BlackElo "2213"]
[Annotator "NA"]
[PlyCount "145"]
[EventDate "2019.10.02"]
[EventType "swiss"]
[EventCountry "IND"]
[SourceTitle "playchess.com"]
[Source "ChessBase"]
[SourceQuality "1"]
[TimeControl "40/5400+30:1800+30"]

1. e4 c6 2. d4 d5 3. exd5 cxd5 4. Bd3 Nc6 5. c3 Qc7 6. Ne2 Bg4 7. O-O Bh5 8. Na3 a6 9. Bf4 Qxf4 10. Nxf4 Bxd1 11. Raxd1 e6 12. Nc2 Bd6 13. Ne2 Nf6 14. f4 g6 15. Ne3 h5 16. g3 Bc7 17. Kg2 Ne7 18. Ng1 Nf5 19. Rfe1 Nxe3+ 20. Rxe3 h4 21. Nf3 hxg3 22. hxg3 Kf8 23. Re2 Kg7 24. Rg1 Ng4 25. Ne5 Rh2+ 26. Kf3 Nxe5+ 27. fxe5 Rah8 28. Reg2 Rh1 29. Rxh1 Rxh1 30. Rf2 Rh8 31. Kg2 Rc8 32. a4 Bb6 33. Rf1 Rc7 34. Ra1 Rc8 35. Ra3 Ba5 36. Rb3 Rc7 37. Ra3 Rc8 38. Ra1 Kh6 39. Kf3 Kg7 40. Ra3 Kh6 41. Ke3 Kg7 42. Be2 Kh6 43. Rb3 Rc7 44. Kf4 Kg7 45. Bf3 Kg8 46. Kg5 Kg7 47. Be2 Kh7 48. Ra3 Rc8 49. Kf6 Kg8 50. Kg5 Kg7 51. Rb3 Rc7 52. Bg4 Rd7 53. Kf4 Rc7 54. Ke3 Kg8 55. Kd3 Kf8 56. Bf3 Kg7 57. Bg2 Kf8 58. Ra3 Rc8 59. Ra1 Kg7 60. Rc1 Bd8 61. b3 b5 62. axb5 axb5 63. Ra1 Rb8 64. b4 Kf8 65. Kc2 Ke8 66. Rh1 Rb7 67. Bf1 Kd7 68. Rh8 Be7 69. Rh7 Ke8 70. Bd3 Rb6 71. Rh8+ Kd7 72. Kd2 Bg5+ 73. Ke2 1/2-1/2

[Event "WYCC U18 Girls 2019"]
[Site "Mumbai"]
[Date "2019.10.04"]
[Round "4.3"]
[White "Vantika Agrawal"]
[Black "Serikbay, Assel"]
[Result "1/2-1/2"]
[ECO "A06"]
[WhiteElo "2283"]
[BlackElo "2208"]
[Annotator "NA"]
[PlyCount "86"]
[EventDate "2019.10.02"]
[EventType "swiss"]
[EventCountry "IND"]
[SourceTitle "playchess.com"]
[Source "ChessBase"]
[SourceQuality "1"]
[TimeControl "40/5400+30:1800+30"]

1. Nf3 d5 2. g3 Nf6 3. Bg2 c5 4. O-O Nc6 5. d4 cxd4 6. Nxd4 e5 7. Nxc6 bxc6 8. c4 Be6 9. Nc3 Rc8 10. cxd5 cxd5 11. Bg5 d4 12. Ne4 Be7 13. Nxf6+ Bxf6 14. Bxf6 gxf6 15. Qd2 O-O 16. f4 Kg7 17. Rf2 Qe7 18. h4 h6 19. e3 Rfd8 20. exd4 Rxd4 21. Qe3 Qc5 22. Kh2 Rc4 23. Re1 Qxe3 24. Rxe3 Rc2 25. Ree2 Rxe2 26. Rxe2 exf4 27. gxf4 Bxa2 28. Kg3 f5 29. Re5 Be6 30. Ra5 Rb8 31. Rxa7 Rb3+ 32. Bf3 Rxb2 33. Ra3 Kf6 34. Ra7 Rd2 35. Bg2 Bd5 36. Bxd5 Rxd5 37. Ra6+ Kg7 38. Rb6 Rd1 39. Ra6 Rg1+ 40. Kf3 Rg4 41. h5 Rh4 42. Kg3 Rg4+ 43. Kf3 Rh4 1/2-1/2

[Event "WYCC U18 Girls 2019"]
[Site "Mumbai"]
[Date "2019.10.04"]
[Round "4.4"]
[White "Cervantes Landeiro, Thalia"]
[Black "Obolentseva, Alexandra"]
[Result "1/2-1/2"]
[ECO "A41"]
[WhiteElo "2176"]
[BlackElo "2282"]
[Annotator "NA"]
[PlyCount "49"]
[EventDate "2019.10.02"]
[EventType "swiss"]
[EventCountry "IND"]
[SourceTitle "playchess.com"]
[Source "ChessBase"]
[SourceQuality "1"]
[TimeControl "40/5400+30:1800+30"]

1. d4 d6 2. c4 e5 3. d5 f5 4. e4 Nf6 5. Nc3 Be7 6. exf5 Bxf5 7. Nge2 O-O 8. Ng3 Bg6 9. Bd3 Qe8 10. O-O Nbd7 11. f3 Nc5 12. Bxg6 Qxg6 13. Be3 Nd3 14. Qc2 Nf4 15. Qxg6 hxg6 16. Rad1 N4h5 17. Nge4 Nxe4 18. Nxe4 Nf6 19. Ng5 Rfc8 20. Rfe1 Nd7 21. Ne4 Nf6 22. Ng5 Nd7 23. Ne4 Nf6 24. Nc3 Nd7 25. Ne4 1/2-1/2

[Event "WYCC U18 Girls 2019"]
[Site "Mumbai"]
[Date "2019.10.04"]
[Round "4.5"]
[White "Radeva, Viktoria"]
[Black "Tarini Goyal"]
[Result "1-0"]
[ECO "B10"]
[WhiteElo "2277"]
[BlackElo "2128"]
[Annotator "NA"]
[PlyCount "87"]
[EventDate "2019.10.02"]
[EventType "swiss"]
[EventCountry "IND"]
[SourceTitle "playchess.com"]
[Source "ChessBase"]
[SourceQuality "1"]
[TimeControl "40/5400+30:1800+30"]

1. e4 c6 2. Nc3 d5 3. Nf3 Nf6 4. e5 Ne4 5. Ne2 Qb6 6. d4 e6 7. Ng3 Nxg3 8. hxg3 c5 9. c3 Nc6 10. Bd3 Bd7 11. Kf1 cxd4 12. cxd4 Rc8 13. a3 Na5 14. b4 Nc4 15. Rxh7 Rxh7 16. Bxh7 Qa6 17. Kg1 Bxb4 18. Ng5 Kd8 19. Qf3 Kc7 20. Rb1 Be7 21. Qxf7 Bxg5 22. Bxg5 Qxa3 23. Qxg7 Qc3 24. Bg8 Qd3 25. Rc1 Qf5 26. Bf6 a5 27. Bh7 Qh5 28. g4 Qe8 29. g5 a4 30. Be7 Kb8 31. Bg6 Qh8 32. Qxh8 Rxh8 33. Bf6 Rc8 34. Bf7 b5 35. Be7 Be8 36. Bxe6 Rc7 37. Bb4 a3 38. Bxd5 a2 39. Bc5 Bg6 40. Ra1 Bb1 41. e6 Rc8 42. e7 Kc7 43. Bf7 Kd7 44. g6 {[%emt 0:07:59] Kd6} 1-0

[Event "WYCC U18 Girls 2019"]
[Site "Mumbai"]
[Date "2019.10.04"]
[Round "4.6"]
[White "Nilssen, Ellen Fredericia"]
[Black "Harshini A"]
[Result "1/2-1/2"]
[ECO "D85"]
[WhiteElo "2137"]
[BlackElo "2230"]
[Annotator "NA"]
[PlyCount "61"]
[EventDate "2019.10.02"]
[EventType "swiss"]
[EventCountry "IND"]
[SourceTitle "playchess.com"]
[Source "ChessBase"]
[SourceQuality "1"]
[TimeControl "40/5400+30:1800+30"]

1. d4 Nf6 2. c4 g6 3. Nc3 d5 4. cxd5 Nxd5 5. e4 Nxc3 6. bxc3 Bg7 7. Be3 c5 8. Qd2 O-O 9. Nf3 Qa5 10. Rc1 Rd8 11. d5 Bg4 12. Be2 e6 13. Bg5 f6 14. Be3 exd5 15. exd5 Nd7 16. c4 Qxd2+ 17. Nxd2 Bxe2 18. Kxe2 b6 19. Nf3 Bf8 20. Rhe1 a6 21. Rb1 b5 22. cxb5 axb5 23. Rxb5 Rxa2+ 24. Kf1 Ne5 25. Nxe5 fxe5 26. Rd1 Rc2 27. Rb6 Bd6 28. Rc6 Kg7 29. h3 Rd7 30. Rc8 Be7 31. Rc6 1/2-1/2

[Event "WYCC U18 Girls 2019"]
[Site "Mumbai"]
[Date "2019.10.04"]
[Round "4.7"]
[White "Nomindalai Tumurbaatar"]
[Black "Schulze, Lara"]
[Result "0-1"]
[ECO "A45"]
[WhiteElo "2061"]
[BlackElo "2327"]
[Annotator "NA"]
[PlyCount "69"]
[EventDate "2019.10.02"]
[EventType "swiss"]
[EventCountry "IND"]
[SourceTitle "playchess.com"]
[Source "ChessBase"]
[SourceQuality "1"]
[TimeControl "40/5400+30:1800+30"]

1. d4 Nf6 2. Bf4 d5 3. e3 c5 4. dxc5 Nc6 5. Bb5 e6 6. b4 a5 7. c3 Bd7 8. Qb3 Nh5 9. Ne2 Nxf4 10. Nxf4 g5 11. Nh5 g4 12. a3 Qg5 13. Nf4 Bg7 14. Ra2 h5 15. Nd2 Qe5 16. Ne2 h4 17. Nd4 Ke7 18. Be2 g3 19. b5 h3 20. gxh3 gxf2+ 21. Kxf2 Qf6+ 22. Ke1 Ne5 23. a4 Rxh3 24. Qa3 Ke8 25. Nf1 Qg6 26. b6 Bf8 27. Kd1 Qg2 28. Bf3 Qg6 29. Rg2 Qd3+ 30. Rd2 Qb1+ 31. Ke2 Nxf3 32. Nxf3 Qe4 33. Ng3 Qc4+ 34. Kf2 Bxc5 35. Qb2 0-1

[Event "WYCC U18 Girls 2019"]
[Site "Mumbai"]
[Date "2019.10.04"]
[Round "4.7"]
[White "Nomindalai Tumurbaatar"]
[Black "Schulze, Lara"]
[Result "*"]
[ECO "A45"]
[WhiteElo "2061"]
[BlackElo "2327"]
[Annotator "NA"]
[PlyCount "44"]
[EventDate "2019.10.02"]
[EventType "swiss"]
[EventCountry "IND"]
[SourceTitle "playchess.com"]
[Source "ChessBase"]
[SourceQuality "1"]
[TimeControl "40/5400+30:1800+30"]

1. d4 Nf6 2. Bf4 d5 3. e3 c5 4. dxc5 Nc6 5. Bb5 e6 6. b4 a5 7. c3 Bd7 8. Qb3 Nh5 9. Ne2 Nxf4 10. Nxf4 g5 11. Nh5 g4 12. a3 Qg5 13. Nf4 Bg7 14. Ra2 h5 15. Nd2 Qe5 16. Ne2 h4 17. Nd4 Ke7 18. Be2 g3 19. b5 h3 20. gxh3 gxf2+ 21. Kxf2 Qf6+ 22. Ke1 Rae8 *

[Event "WYCC U18 Girls 2019"]
[Site "Mumbai"]
[Date "2019.10.04"]
[Round "4.8"]
[White "Afonasieva, Anna"]
[Black "Hamedi Nia, Vesal"]
[Result "1-0"]
[ECO "E09"]
[WhiteElo "2312"]
[BlackElo "2057"]
[Annotator "NA"]
[PlyCount "149"]
[EventDate "2019.10.02"]
[EventType "swiss"]
[EventCountry "IND"]
[SourceTitle "playchess.com"]
[Source "ChessBase"]
[SourceQuality "1"]
[TimeControl "40/5400+30:1800+30"]

1. d4 d5 2. Nf3 Nf6 3. c4 e6 4. g3 Bb4+ 5. Bd2 Be7 6. Bg2 O-O 7. O-O Nbd7 8. Qc2 c6 9. Bf4 Nh5 10. Bc1 Nhf6 11. Nbd2 b6 12. e4 dxe4 13. Nxe4 Nxe4 14. Qxe4 Bb7 15. Rd1 Qc8 16. Qc2 Rd8 17. b3 c5 18. Bb2 cxd4 19. Bxd4 Bf6 20. Bxf6 Nxf6 21. Rxd8+ Qxd8 22. Rd1 Qc7 23. Qd2 h6 24. Qd4 Rc8 25. Ne5 Bxg2 26. Kxg2 Qb7+ 27. f3 Qa6 28. Rd2 Qa5 29. Qd6 Qc5 30. Qxc5 bxc5 31. Rd6 Rc7 32. Rd8+ Kh7 33. Rf8 a6 34. Rxf7 Rxf7 35. Nxf7 Kg6 36. Nd6 Nd7 37. f4 Kf6 38. Kf3 g6 39. a3 e5 40. Ne8+ Ke7 41. Nc7 a5 42. Nd5+ Kd6 43. Nc3 exf4 44. Kxf4 Ke6 45. h4 Kf6 46. Ke4 Ke6 47. Nd5 Kd6 48. Nf4 Nf6+ 49. Kd3 g5 50. hxg5 hxg5 51. Nh3 g4 52. Nf4 Ke5 53. Ke3 Kf5 54. Nd5 Nxd5+ 55. cxd5 Ke5 56. d6 Kxd6 57. Ke4 Ke6 58. a4 Kd6 59. Kf4 Kd5 60. Kxg4 Kd4 61. Kf5 Kc3 62. g4 Kxb3 63. g5 c4 64. g6 c3 65. g7 c2 66. g8=Q+ Kb2 67. Qg7+ Kb1 68. Qb7+ Ka1 69. Qh1+ Kb2 70. Ke4 c1=Q 71. Qxc1+ Kxc1 72. Kd3 Kb2 73. Kc4 Ka3 74. Kb5 Kb3 75. Kxa5 1-0

[Event "WYCC U18 Girls 2019"]
[Site "Mumbai"]
[Date "2019.10.04"]
[Round "4.10"]
[White "Nguyen, Hong Anh"]
[Black "Muetsch, Annmarie"]
[Result "0-1"]
[ECO "E91"]
[WhiteElo "2023"]
[BlackElo "2266"]
[Annotator "NA"]
[PlyCount "70"]
[EventDate "2019.10.02"]
[EventType "swiss"]
[EventCountry "IND"]
[SourceTitle "playchess.com"]
[Source "ChessBase"]
[SourceQuality "1"]
[TimeControl "40/5400+30:1800+30"]

1. d4 Nf6 2. c4 g6 3. Nc3 Bg7 4. e4 d6 5. Nf3 O-O 6. Be2 Na6 7. O-O e5 8. d5 Nc5 9. Qc2 a5 10. b3 Nh5 11. Be3 b6 12. a3 f5 13. exf5 Bxf5 14. Qd1 Nf4 15. b4 Ne4 16. Nxe4 Bxe4 17. Bxf4 exf4 18. Ra2 axb4 19. Qb3 bxa3 20. Rxa3 Qf6 21. Rxa8 Rxa8 22. c5 bxc5 23. Qb7 Qd8 24. Ng5 Rb8 25. Qa7 Bxd5 26. Bf3 Bxf3 27. Nxf3 h6 28. h4 Rc8 29. Re1 Qd7 30. Qa2+ d5 31. Qc2 Qd6 32. h5 g5 33. Qf5 Rf8 34. Qh3 d4 35. Re6 Qd5 0-1

[Event "WYCC U18 Girls 2019"]
[Site "Mumbai"]
[Date "2019.10.04"]
[Round "4.11"]
[White "Yan, Tianqi"]
[Black "Khachatryan, Anna"]
[Result "1-0"]
[ECO "B32"]
[WhiteElo "2236"]
[BlackElo "2044"]
[Annotator "NA"]
[PlyCount "69"]
[EventDate "2019.10.02"]
[EventType "swiss"]
[EventCountry "IND"]
[SourceTitle "playchess.com"]
[Source "ChessBase"]
[SourceQuality "1"]
[TimeControl "40/5400+30:1800+30"]

1. e4 c5 2. Nf3 Nc6 3. d4 cxd4 4. Nxd4 e5 5. Nb5 d6 6. c4 Be7 7. Bd3 Be6 8. N5c3 Nf6 9. Nd5 O-O 10. Nbc3 Nd4 11. Be3 Nxd5 12. exd5 Bd7 13. Bxd4 exd4 14. Ne2 Bf6 15. O-O Bg4 16. f3 Bd7 17. Kh1 Re8 18. Ng3 Re3 19. Ne4 Qe7 20. Qd2 Re8 21. Rae1 Bh4 22. g3 f5 23. gxh4 fxe4 24. Bxe4 Rxe1 25. Rxe1 Qxh4 26. Rg1 Re5 27. Qxd4 Bf5 28. c5 Bxe4 29. fxe4 Qxe4+ 30. Qxe4 Rxe4 31. cxd6 Rd4 32. Rg5 Kf8 33. Re5 Kf7 34. d7 Kf6 35. Re6+ 1-0

[Event "WYCC U18 Girls 2019"]
[Site "Mumbai"]
[Date "2019.10.04"]
[Round "4.12"]
[White "Sowa, Wiktoria"]
[Black "Priyanka, Kumari"]
[Result "1-0"]
[ECO "B51"]
[WhiteElo "2016"]
[BlackElo "1921"]
[Annotator "NA"]
[PlyCount "83"]
[EventDate "2019.10.02"]
[EventType "swiss"]
[EventCountry "IND"]
[SourceTitle "playchess.com"]
[Source "ChessBase"]
[SourceQuality "1"]
[TimeControl "40/5400+30:1800+30"]

1. e4 c5 2. Nf3 d6 3. Bb5+ Nd7 4. O-O a6 5. Bd3 Ngf6 6. Re1 b5 7. c3 Bb7 8. a4 e6 9. Bc2 Be7 10. d4 e5 11. Nbd2 O-O 12. Nf1 Re8 13. Ng3 Bf8 14. b3 g6 15. d5 Bg7 16. h3 h6 17. Be3 Nh7 18. Qd2 h5 19. Ng5 Bf6 20. Nxh7 Kxh7 21. Rf1 Qe7 22. Bd3 bxa4 23. Rxa4 Qd8 24. Rfa1 Qb6 25. b4 Reb8 26. Qe2 Qc7 27. Ra5 h4 28. Nf1 Bd8 29. Qg4 Bc8 30. Bg5 Bxg5 31. Qxg5 cxb4 32. Qxh4+ Kg7 33. cxb4 Rxb4 34. Ne3 Nc5 35. Bc2 Bd7 36. R5a3 Rh8 37. Qe7 Re8 38. Nf5+ Kg8 39. Nh6+ Kg7 40. Qxf7+ Kxh6 41. Rg3 g5 42. Qf6+ {Qd8} 1-0

[Event "WYCC U18 Girls 2019"]
[Site "Mumbai"]
[Date "2019.10.04"]
[Round "4.13"]
[White "Hng, Mei-En Emmanuelle"]
[Black "Urh, Zala"]
[Result "0-1"]
[ECO "A06"]
[WhiteElo "2002"]
[BlackElo "2105"]
[Annotator "NA"]
[PlyCount "120"]
[EventDate "2019.10.02"]
[EventType "swiss"]
[EventCountry "IND"]
[SourceTitle "playchess.com"]
[Source "ChessBase"]
[SourceQuality "1"]
[TimeControl "40/5400+30:1800+30"]

1. Nf3 d5 2. c4 e6 3. e3 Nf6 4. Nc3 Be7 5. d4 O-O 6. Be2 b6 7. O-O Bb7 8. b3 c5 9. Bb2 Nc6 10. cxd5 exd5 11. Rc1 Rc8 12. Qd3 Re8 13. Rfd1 Bf8 14. Bf1 Ne7 15. Qb1 Ng6 16. dxc5 bxc5 17. Bb5 Re7 18. Qf5 a6 19. Bd3 Rd7 20. Ne2 Rd6 21. h4 d4 22. exd4 cxd4 23. h5 Rd5 24. hxg6 Rxf5 25. gxf7+ Kxf7 26. Bxf5 Rxc1 27. Ng5+ Ke8 28. Bxc1 Qd5 29. Bh3 d3 30. Nc3 Qc5 31. Re1+ Be7 32. Bd2 Nd5 33. Ne6 Qxc3 34. Bxc3 Nxc3 35. Bg4 d2 36. Ra1 Bf6 37. Kh2 Be4 38. Nc5 Bc2 39. Rh1 d1=Q 40. Bxd1 Nxd1 41. Nxa6 Nxf2 42. Re1+ Kf7 43. Nb4 Bf5 44. Nd5 Nd3 45. Rf1 Be5+ 46. g3 Ke6 47. Nf4+ Nxf4 48. gxf4 Bd6 49. Kg2 Be4+ 50. Kg3 Kf5 51. a4 g5 52. a5 gxf4+ 53. Kh3 f3 54. a6 Kf4 55. a7 Bc5 56. Ra1 f2 57. Kh2 Bxa7 58. b4 Bd4 59. Rc1 Ke3 60. b5 Kd2 0-1

[Event "WYCC U18 Girls 2019"]
[Site "Mumbai"]
[Date "2019.10.04"]
[Round "4.14"]
[White "Makhija, Aashna"]
[Black "Azali, Tannaz"]
[Result "1/2-1/2"]
[ECO "B44"]
[WhiteElo "2084"]
[BlackElo "2022"]
[Annotator "NA"]
[PlyCount "99"]
[EventDate "2019.10.02"]
[EventType "swiss"]
[EventCountry "IND"]
[SourceTitle "playchess.com"]
[Source "ChessBase"]
[SourceQuality "1"]
[TimeControl "40/5400+30:1800+30"]

1. e4 c5 2. Nf3 e6 3. d4 cxd4 4. Nxd4 Nc6 5. Nb5 d6 6. c4 Nf6 7. N1c3 a6 8. Na3 Be7 9. Be2 O-O 10. O-O b6 11. Be3 Bb7 12. f3 Re8 13. Na4 Nd7 14. Qd2 Qc7 15. Rac1 Nc5 16. Nc3 Rad8 17. Nc2 Ne5 18. b4 Ncd7 19. Nd4 Nf6 20. Rfd1 Qb8 21. Nb3 d5 22. Bxb6 dxe4 23. Bxd8 Rxd8 24. Qe3 Rxd1+ 25. Rxd1 exf3 26. gxf3 Ng6 27. Nc5 Bc8 28. N3e4 Qxb4 29. Nxf6+ gxf6 30. Nd3 Qa3 31. Qd2 e5 32. Rb1 Bf5 33. Rb3 Qd6 34. Qe3 Qc6 35. Qh6 Bd6 36. Nf2 e4 37. fxe4 Bxe4 38. Nxe4 Qxe4 39. Qe3 Qxe3+ 40. Rxe3 Bc5 41. Kf2 f5 42. Kf3 Nh4+ 43. Kg3 Bxe3 44. Kxh4 Kg7 45. c5 Bxc5 46. Kg5 f4 47. Kxf4 Bd6+ 48. Kf5 Bxh2 49. Bxa6 f6 50. Be2 1/2-1/2

[Event "WYCC U18 Girls 2019"]
[Site "Mumbai"]
[Date "2019.10.05"]
[Round "5.1"]
[White "Kucharska, Honorata"]
[Black "Radeva, Viktoria"]
[Result "1/2-1/2"]
[ECO "B83"]
[WhiteElo "2114"]
[BlackElo "2277"]
[Annotator "ChessBase"]
[PlyCount "67"]
[EventDate "2019.10.02"]
[EventType "swiss"]
[EventCountry "IND"]
[SourceTitle "playchess.com"]
[Source "ChessBase"]
[SourceQuality "1"]
[TimeControl "40/5400+30:1800+30"]

1. e4 c5 2. Nf3 e6 3. d4 cxd4 4. Nxd4 Nf6 5. Nc3 d6 6. Be2 Be7 7. O-O Nc6 8. Be3 O-O 9. f4 Qc7 10. Kh1 a6 11. Qe1 Bd7 12. Qg3 b5 13. a3 Nxd4 14. Bxd4 Bc6 15. Rae1 Rad8 16. Bd3 g6 17. f5 e5 18. Be3 Qb7 19. Bh6 Rfe8 20. Qf3 d5 21. fxg6 fxg6 22. a4 d4 23. axb5 axb5 24. Nd1 Rd6 25. Nf2 Bd7 26. Qg3 Bd8 27. Be2 Qc7 28. Bg4 Bxg4 29. Nxg4 Nxg4 30. Qxg4 Rf6 31. h3 Qf7 32. Rxf6 Bxf6 33. Rf1 Qe6 34. Qe2 1/2-1/2

[Event "WYCC U18 Girls 2019"]
[Site "Mumbai"]
[Date "2019.10.05"]
[Round "5.3"]
[White "Harshini A"]
[Black "Munkhzul, Turmunkh"]
[Result "*"]
[ECO "C67"]
[WhiteElo "2230"]
[BlackElo "2332"]
[Annotator "ChessBase"]
[PlyCount "78"]
[EventDate "2019.10.02"]
[EventType "swiss"]
[EventCountry "IND"]
[SourceTitle "playchess.com"]
[Source "ChessBase"]
[SourceQuality "1"]
[TimeControl "40/5400+30:1800+30"]

1. e4 e5 2. Nf3 Nc6 3. Bb5 Nf6 4. O-O Nxe4 5. d4 Nd6 6. dxe5 Nxb5 7. a4 d6 8. e6 Bxe6 9. axb5 Nb8 10. Nd4 Be7 11. Re1 O-O 12. Rxe6 fxe6 13. Nxe6 Qc8 14. Nxf8 Bxf8 15. Be3 Nd7 16. Qg4 Nb6 17. Qxc8 Nxc8 18. Nc3 Be7 19. Ra4 Bd8 20. Re4 Kf7 21. Rf4+ Ke8 22. Bd4 g5 23. Re4+ Kf7 24. f4 a6 25. fxg5 Bxg5 26. Rg4 h6 27. h4 Be7 28. Nd5 axb5 29. Nxc7 Ra1+ 30. Kh2 d5 31. Nxb5 Nd6 32. Rg7+ Kf8 33. Nxd6 Bxd6+ 34. g3 Rd1 35. Bf6 d4 36. Rg4 Rd2+ 37. Kh3 Bc5 38. b4 Ba7 39. Bg7+ Ke8 *

[Event "WYCC U18 Girls 2019"]
[Site "Mumbai"]
[Date "2019.10.05"]
[Round "5.5"]
[White "Shpanko, Nadiia"]
[Black "Afonasieva, Anna"]
[Result "0-1"]
[ECO "B13"]
[WhiteElo "2213"]
[BlackElo "2312"]
[Annotator "ChessBase"]
[PlyCount "58"]
[EventDate "2019.10.02"]
[EventType "swiss"]
[EventCountry "IND"]
[SourceTitle "playchess.com"]
[Source "ChessBase"]
[SourceQuality "1"]
[TimeControl "40/5400+30:1800+30"]

1. e4 c6 2. d4 d5 3. exd5 cxd5 4. c4 Nf6 5. Nc3 Nc6 6. Nf3 e6 7. a3 Be7 8. Bd3 dxc4 9. Bxc4 O-O 10. O-O b6 11. b4 Bb7 12. Bb2 Rc8 13. Ba2 Bd6 14. d5 Ne5 15. dxe6 Nxf3+ 16. gxf3 Bxh2+ 17. Kxh2 Qc7+ 18. Kg2 Qf4 19. exf7+ Kh8 20. Nd5 Nxd5 21. Bxd5 Qg5+ 22. Kh2 Qh5+ 23. Kg3 Bxd5 24. f4 Qxf7 25. Qg4 Rc6 26. f5 Rc4 27. Bd4 Qc7+ 28. Kh3 Rf6 29. Qh4 Rxf5 0-1

[Event "WYCC U18 Girls 2019"]
[Site "Mumbai"]
[Date "2019.10.05"]
[Round "5.6"]
[White "Sliwicka, Alicja"]
[Black "Nilssen, Ellen Fredericia"]
[Result "1-0"]
[ECO "C15"]
[WhiteElo "2307"]
[BlackElo "2137"]
[Annotator "ChessBase"]
[PlyCount "53"]
[EventDate "2019.10.02"]
[EventType "swiss"]
[EventCountry "IND"]
[SourceTitle "playchess.com"]
[Source "ChessBase"]
[SourceQuality "1"]
[TimeControl "40/5400+30:1800+30"]

1. e4 e6 2. d4 d5 3. Nc3 Bb4 4. exd5 exd5 5. Bd3 Ne7 6. Qh5 Nbc6 7. a3 Bxc3+ 8. bxc3 Be6 9. Rb1 Na5 10. Nf3 Qd6 11. Ng5 O-O-O 12. Nxf7 Bxf7 13. Qxf7 Rdf8 14. Qh5 g6 15. Qe5 Qc6 16. O-O Nf5 17. Rb5 Nc4 18. Bxc4 dxc4 19. Rc5 Qb6 20. Bf4 c6 21. Qe6+ Kd8 22. g4 Ne7 23. Qd6+ Kc8 24. Qxe7 Rxf4 25. Qe6+ Kb8 26. Qe5+ Qc7 27. Qxh8+ 1-0

[Event "WYCC U18 Girls 2019"]
[Site "Mumbai"]
[Date "2019.10.05"]
[Round "5.7"]
[White "Urh, Zala"]
[Black "Vantika Agrawal"]
[Result "*"]
[ECO "E62"]
[WhiteElo "2105"]
[BlackElo "2283"]
[Annotator "ChessBase"]
[PlyCount "73"]
[EventDate "2019.10.02"]
[EventType "swiss"]
[EventCountry "IND"]
[SourceTitle "playchess.com"]
[Source "ChessBase"]
[SourceQuality "1"]
[TimeControl "40/5400+30:1800+30"]

1. d4 d6 2. Nf3 Nf6 3. c4 g6 4. Nc3 Bf5 5. g3 Bg7 6. Bg2 O-O 7. O-O c6 8. Nh4 Be6 9. d5 cxd5 10. cxd5 Bd7 11. Be3 a5 12. a4 Na6 13. Bd4 Nb4 14. e4 Rc8 15. Qd2 e5 16. dxe6 Bxe6 17. Rfd1 Bb3 18. Rdc1 Re8 19. Nf3 Nc6 20. Re1 Nxd4 21. Nxd4 Qb6 22. Ncb5 Bc4 23. Rad1 Rcd8 24. b3 Bxb5 25. Nxb5 Ng4 26. h3 Ne5 27. Qd5 Bf8 28. Re3 Nc6 29. Rf3 Rd7 30. h4 Nb4 31. Qc4 Re5 32. Bh3 d5 33. exd5 Rdxd5 34. Rxd5 Nxd5 35. Bg2 Qc5 36. Qxc5 Bxc5 37. Rd3 *

[Event "WYCC U18 Girls 2019"]
[Site "Mumbai"]
[Date "2019.10.05"]
[Round "5.8"]
[White "Obolentseva, Alexandra"]
[Black "Sowa, Wiktoria"]
[Result "1/2-1/2"]
[ECO "D97"]
[WhiteElo "2282"]
[BlackElo "2016"]
[Annotator "ChessBase"]
[PlyCount "76"]
[EventDate "2019.10.02"]
[EventType "swiss"]
[EventCountry "IND"]
[SourceTitle "playchess.com"]
[Source "ChessBase"]
[SourceQuality "1"]
[TimeControl "40/5400+30:1800+30"]

1. d4 Nf6 2. c4 g6 3. Nc3 d5 4. Nf3 Bg7 5. Qb3 dxc4 6. Qxc4 O-O 7. e4 Nc6 8. Be2 e5 9. d5 Nd4 10. Nxd4 exd4 11. Qxd4 c6 12. Qd1 Re8 13. O-O Nxe4 14. Nxe4 Rxe4 15. dxc6 Rd4 16. cxb7 Bxb7 17. Qb3 Qe7 18. Bg5 Qxg5 19. Qxb7 Rad8 20. Qxa7 Rd2 21. Qa6 Bxb2 22. Rab1 Qf5 23. Qb5 Qc2 24. Rbe1 Kg7 25. Qc4 Qf5 26. a4 Rc8 27. Qb5 Rc5 28. Qb7 Re5 29. Bf3 Rxe1 30. Rxe1 Qc5 31. Kh1 Rxf2 32. Qd5 Qb4 33. Qe4 Qc3 34. Rd1 Rc2 35. Qd3 Qc5 36. Qb5 Qc3 37. Qd3 Qc5 38. Qb5 Qc3 1/2-1/2